 Dungeon Crawl Stone Soup version 0.28-a0-852-gbbce81c95b (webtiles) character file.

Game seed: 11100348620303637486

187 Conn the Sneak (level 5, -11/34 HPs)
             Began as an Octopode Fire Elementalist on Nov 15, 2021.
             Killed from afar by an orc wizard (13 damage)
             ... with a puff of flame
             ... on level 3 of the Dungeon.
             The game lasted 00:04:58 (2934 turns).

Conn the Sneak (Octopode Fire Elementalist)         Turns: 2934, Time: 00:05:01

Health: -11/34     AC:  1    Str:  7    XL:     5   Next: 66%
Magic:  10/10      EV: 13    Int: 19    God:
Gold:   121        SH:  0    Dex: 12    Spells: 3/10 levels left

rFire   . . .      SeeInvis .   f - +2 dagger (venom)
rCold   . . .      Faith    .   (no shield)
rNeg    . . .      Spirit   .   (helmet restricted)
rPois   .          Reflect  .   (no amulet)
rElec   .          Harm     .   d - +4 ring of slaying
rCorr   .          Rampage  .   (no ring)
Will    .....                   (no ring)
Stlth   +++.......              (no ring)
HPRegen 0.11/turn               (no ring)
MPRegen 0.12/turn               (no ring)
                                (no ring)
                                (no ring)

@: brilliant, lethally poisoned (-11 -> -14), flying
A: almost no armour, amphibious, 8 rings, camouflage 1, gelatinous body 1,
(nimble swimmer 1), tentacles, robust 1, noise suppression
a: no special abilities


You were on level 3 of the Dungeon.
You visited 1 branch of the dungeon, and saw 3 of its levels.

You collected 121 gold pieces.

Inventory:

Hand Weapons
 c - a +0 dagger of venom
 f - a +2 dagger of venom (weapon)
Missiles
 k - 7 poisoned darts
Jewellery
 d - a +4 ring of slaying (left tentacle)
Scrolls
 e - a scroll of vulnerability {unknown}
 g - a scroll of magic mapping {unknown}
 j - a scroll of identify {unknown}
 l - a scroll of enchant weapon {unknown}
Potions
 h - a potion of mutation


   Skills:
 + Level 0.1 Fighting
 + Level 0.8 Short Blades
 + Level 2.2 Dodging
 + Level 4.1 Stealth
 + Level 0.1 Unarmed Combat
 + Level 3.3 Spellcasting
 + Level 2.4 Conjurations
 + Level 3.7 Fire Magic


You had 3 spell levels left.
You knew the following spells:

 Your Spells              Type           Power      Damage    Failure   Level
a - Foxfire               Conj/Fire      88%        2x1d8     4%          1
b - Conjure Flame         Conj/Fire      22%        6-21      12%         3
c - Inner Flame           Hex/Fire       15%        N/A       21%         3

Your spell library contained the following spells:

 Spells                   Type           Power      Damage    Failure   Level
 Scorch                   Fire           52%        2d7       4%          2
 Summon Small Mammal      Summ           16%        N/A       14%         1
 Call Canine Familiar     Summ           4%         N/A       41%         3
 Summon Guardian Golem    Hex/Summ       4%         N/A       41%         3
 Flame Wave               Conj/Fire      22%        3d6       38%         4
 Fulminant Prism          Conj/Hex       5%         3d7       65%         4
 Iskenderun's Mystic Bla  Conj/Tloc      11%        2d4       65%         4
 Lee's Rapid Deconstruct  Erth           2%         3d5*      99%         5


Dungeon Overview and Level Annotations

Branches:
Dungeon (3/15)

Altars:

Shops:
D:1 :


Innate Abilities, Weirdness & Mutations

You cannot wear most types of armour.
You are amphibious.
You can wear up to eight rings at the same time.
Your skin changes colour to match your surroundings (Stealth+).
Your rubbery body absorbs attacks. (AC +1, EV +1)
((You are camouflaged near water. (Stealth+)))
You have tentacles for arms and can constrict up to eight enemies at once.
You are robust. (+10% HP)
You passively dampen the noise of your surroundings.


Message History

* * * LOW HITPOINT WARNING * * *
You are more poisoned.
* * * LOW HITPOINT WARNING * * *
You feel very sick.
You bump into the rock wall.
You feel very sick. Something barely misses you.
You bump into the rock wall.
You feel very sick. Something hits you.
It was a potion of mutation.
You feel extremely strange.
You feel robust.
You feel your surroundings grow quieter.
You feel very sick.
You hear some strange, mumbled words.
Something tries to affect you, but you resist.
It was a potion of brilliance.
You feel clever all of a sudden.
You feel less invigorated.
You feel sick.
A magic dart appears from out of thin air!
The magic dart hits you.
* * * LOW HITPOINT WARNING * * *
It was a potion of flight.
You feel very buoyant.
You fly up into the air.
* * * LOW HITPOINT WARNING * * *
You feel sick. Something hits you.
* * * LOW HITPOINT WARNING * * *
Okay, then.
You are too confused!
* * * LOW HITPOINT WARNING * * *
You feel sick.
You bump into the rock wall.
You feel less confused.
* * * LOW HITPOINT WARNING * * *
You feel sick.
An orc wizard appears from thin air!
Reactivating autopickup.
The orc wizard casts a spell at you. The puff of flame hits you!
You die...

##.....<.######
##........#
##.........#
#....####### ###.#.#
##+++###.##.#.#
####....†..# #.#.#
...........###.#.#
#########....o@....#
......)...##########
..#..#...#
......)...#
#..#..#...#
...$....# ##########


You could see an orc wizard.

Vanquished Creatures
  Jessica (D:3)
  Terence (D:2)
  3 gnolls (D:2)
  4 adders
  2 worms (D:2)
  A dart slug (D:2)
  2 orcs (D:3)
  4 ball pythons
  10 endoplasms
  4 giant cockroaches
  4 goblins
  6 hobgoblins
  4 jackals
  4 quokkas
  4 bats
  A frilled lizard (D:1)
  4 kobolds
  2 rats (D:1)
61 creatures vanquished.

Vanquished Creatures (collateral kills)
  A foxfire (D:2)
1 creature vanquished.

Vanquished Creatures (others)
  5 demonic plants (D:2)
  156 foxfires
  2 plants (D:2)
  A withered plant (D:2)
164 creatures vanquished.

Grand Total: 226 creatures vanquished

Notes
Turn   | Place    | Note
-------+----------+-------------------------------------------
     0 | D:1      | Conn the Octopode Fire Elementalist began the quest for the
                  | Orb.
     0 | D:1      | Reached XP level 1. HP: 11/11 MP: 3/3
    63 | D:1      | Found Tiqejet's Book Boutique.
   367 | D:1      | Reached XP level 2. HP: 12/17 MP: 5/5
   631 | D:1      | Reached skill level 3 in Stealth
  1028 | D:1      | Reached XP level 3. HP: 19/21 MP: 6/6
  1734 | D:2      | Found a faded altar of an unknown god.
  1883 | D:2      | Reached XP level 4. HP: 27/27 MP: 8/8
  2326 | D:2      | Noticed Terence
  2339 | D:2      | Killed Terence
  2340 | D:2      | Reached XP level 5. HP: 31/31 MP: 1/9
  2646 | D:3      | Reached skill level 4 in Stealth
  2724 | D:3      | Learned a level 3 spell: Conjure Flame
  2728 | D:3      | Learned a level 3 spell: Inner Flame
  2739 | D:3      | Noticed Jessica
  2746 | D:3      | Killed Jessica
  2930 | D:3      | Gained mutation: You are robust. (+10% HP) [potion of
                  | mutation]
  2930 | D:3      | Gained mutation: You passively dampen the noise of your
                  | surroundings. [potion of mutation]
  2934 | D:3      | Killed from afar by an orc wizard

Illustrated notes

Levels and vault maps discovered:
D:1:      dpeg_arrival_concentric_ovals, layout_basic, serial_shops, shop,
          corner_web_ring
D:2:      layout_loops_ring, shapermc_ecumenical_altar_gd, grunt_ministairs_1,
          uniq_terence
D:3:      layout_loops_ring, mainiacjoe_overflow_large_starburst,
          minmay_misc_feat_more_columns, minmay_misc_feat_rows,
          columned_hall_lemuel, kennysheep_donut, uniq_ijyb, uniq_jessica

Skill      XL: |  1  2  3  4  5 |
---------------+----------------+-----
Stealth        | 3 4 |  4.1
Conjurations   | 2 |  2.4
Spellcasting   | 3 |  3.3
Fighting       | |  0.1
Short Blades   | |  0.8
Dodging        | |  2.2
Unarmed Combat | |  0.1
Fire Magic     | |  3.7

Action                   |  1- 3 |  4- 6 || total
-------------------------+-------+-------++-------
Melee: Unarmed           |    17 |       ||    17
       Tentacles         |     7 |     3 ||    10
       Constrict         |    11 |     5 ||    16
       Dagger            |    19 |    21 ||    40
 Cast: Foxfire           |    48 |    40 ||    88
  Use: Potion            |     1 |     5 ||     6
 Stab: Distracted        |     1 |       ||     1
       Sleeping          |     2 |     5 ||     7
Armor: Skin              |     7 |       ||     7
Dodge: Dodged            |    40 |    10 ||    50

Table legend: (Time is in decaauts)
 A = Elapsed time spent in this place.
 B = Non-inter-level travel time spent in this place.
 C = Inter-level travel time spent in this place.
 D = Time resting spent in this place.
 E = Time spent auto-exploring this place.
 F = Levels seen in this place.
 G = Mean time per level.
                   A        B        C        D        E       F      G
               +--------+--------+--------+--------+--------+-----+--------+
         Total |   2932 |   2906 |     26 |    217 |   2007 |   3 |  977.3 |
       Dungeon |   2932 |   2906 |     26 |    217 |   2007 |   3 |  977.3 |
               +--------+--------+--------+--------+--------+-----+--------+

Top non-repeatable levels by time:
     D:1: 1546 daAuts
     D:2: 957 daAuts
     D:3: 428 daAuts
